 Dungeon Crawl Stone Soup version 0.28-a0-1182-g381e24db82 (webtiles) character file.

Game seed: 12052115221161760197

317 bande the Covered (level 6, 0/39 HPs)
             Began as a Gargoyle Fighter on Dec 16, 2021.
             Slain by Pargi (4 damage)
             ... on level 3 of the Dungeon.
             The game lasted 00:05:38 (3473 turns).

bande the Covered (Gargoyle Fighter)                Turns: 3473, Time: 00:05:38

Health: 0/39       AC: 19    Str: 20    XL:     6   Next: 45%
Magic:  6/6        EV:  9    Int:  6    God:
Gold:   111        SH:  9    Dex: 11    Spells: 5/5 levels left

rFire   + . .      SeeInvis .   a - +0 war axe
rCold   . . .      Faith    .   c - +0 buckler
rNeg    + . .      Spirit   .   b - +0 scale mail
rPois   ∞          Reflect  +   l - +1 helmet
rElec   +          Harm     .   r - +0 cloak
rCorr   .          Rampage  .   (no gloves)
Will    .....                   (no boots)
Stlth   ..........              o - amulet of reflection
HPRegen 0.13/turn               f - +4 ring of protection
MPRegen 0.10/turn               h - ring of protection from fire

@: flying, invisible
A: sickness immunity, AC +4, negative energy resistance 1, electricity
resistance, torment resistance 1, petrification resistance, big wings, dopey 1,
wild magic 1
a: no special abilities


You were on level 3 of the Dungeon.
You visited 1 branch of the dungeon, and saw 3 of its levels.

You collected 111 gold pieces.

Inventory:

Hand Weapons
 a - a +0 war axe (weapon)
 j - a +0 war axe
 k - a +0 flail
Armour
 b - a +0 scale mail (worn)
 c - a +0 buckler (worn)
 l - a +1 helmet (worn)
 r - a +0 cloak (worn)
Jewellery
 f - a +4 ring of protection (left hand)
 h - a ring of protection from fire (right hand)
 n - a +6 ring of strength
 o - an amulet of reflection (around neck)
Scrolls
 m - 2 scrolls of blinking
 p - a scroll of silence {unknown}
 q - a scroll of identify {unknown}
Potions
 g - 3 potions of curing {unknown}
 i - a potion of brilliance {unknown}


   Skills:
 + Level 4.3 Fighting
 + Level 4.2 Axes
 + Level 4.7 Armour
 + Level 0.3 Stealth
 + Level 4.0 Shields


You had 5 spell levels left.
You didn't know any spells.
Your spell library was empty.

Dungeon Overview and Level Annotations

Branches:
Dungeon (3/15)

Altars:

Shops:
D:1 (

Annotations:
D:3 Grinder, Pargi


Innate Abilities, Weirdness & Mutations

You are immune to sickness and miasma.
Your stone body is resilient. (AC +4)
You are immune to poison.
You resist negative energy. (rN+)
You are resistant to electric shocks. (rElec)
You are resistant to unholy torment.
You are immune to petrification.
Your large and strong wings let you fly.
You are dopey. (Int -2)
Your spells are a little harder to cast, but a little more powerful.


Message History

You miss Pargi.
Pargi is moderately wounded.
You hit Grinder but do no damage. You barely miss the orc.
You block the orc's attack. You block Pargi's attack. x2
Pargi barely misses you. Grinder gestures at you.
You shrug off the repeated paralysis!
The orc closely misses you.
You slash Pargi!
Pargi is heavily wounded.
You hit the orc. You hit Grinder. You block Pargi's attack. x2
Pargi closely misses you. Grinder gestures at you.
You barely resist. You block the orc's attack.
Pargi bites you but does no damage. Pargi claws you but does no damage. x2
It was a potion of invisibility.
You fade into invisibility!
Grinder gestures at you.
You suddenly lose the ability to move!
The orc hits you but does no damage.
Pargi clenches his teeth.
Pargi bites you but does no damage. Pargi claws you but does no damage. x2
Grinder gestures at you. You resist with significant effort.
The orc hits you but does no damage. Pargi completely misses you.
Pargi claws you but does no damage. x2
Grinder completely misses you. The orc hits you with a +0 flail!
* * * LOW HITPOINT WARNING * * *
Pargi bites you.
* * * LOW HITPOINT WARNING * * *
Pargi claws you but does no damage. x2
You can move again.
You slash Pargi!
Pargi is severely wounded.
You hit Grinder. You closely miss the orc. Grinder hits you but does no damage.
The orc closely misses you. You block Pargi's attack.
Pargi closely misses you. x2
You block Grinder's attack.
You barely miss Pargi.
Pargi is severely wounded.
You barely miss Grinder. You slash the orc!
You kill the orc!
Pargi bites you.
You die...

......#
#.#....# #.#
#... .#.####
#.#....# #.#
#### ##.#
#.#>...# #.#
#.# #......##
#.# ##.#
#.......# #.#
...#
#.##.##.# #.#
####
#.##.##.#####
#.##........#
#.#####@###.#
#.##.o5T).#
......oo#.#
###..#......
#...... ...
##.####.##.#
. . .# . ## .


You could see Grinder, Pargi and 3 orcs.

Vanquished Creatures
  Sigmund (D:2)
  Robin (D:1)
  4 gnolls
  2 adders (D:3)
  A worm (D:2)
  A dart slug (D:1)
  An orc (D:3)
  4 ball pythons
  5 endoplasms
  5 giant cockroaches
  8 goblins
  8 hobgoblins
  8 jackals (D:1)
  4 quokkas
  6 bats
  2 frilled lizards
  6 kobolds
  4 rats
71 creatures vanquished.

Notes
Turn   | Place    | Note
-------+----------+-------------------------------------------
     0 | D:1      | bande the Gargoyle Fighter began the quest for the Orb.
     0 | D:1      | Reached XP level 1. HP: 14/14 MP: 1/1
    44 | D:1      | Reached XP level 2. HP: 15/19 MP: 2/2
   290 | D:1      | Reached XP level 3. HP: 13/24 MP: 3/3
   818 | D:1      | Found Diloll's Weapon Shop.
   981 | D:2      | Noticed Robin
  1754 | D:1      | Reached XP level 4. HP: 22/29 MP: 4/4
  1830 | D:1      | Killed Robin
  2647 | D:2      | Found a faded altar of an unknown god.
  2732 | D:2      | Noticed Sigmund
  2748 | D:2      | Killed Sigmund
  2749 | D:2      | Reached XP level 5. HP: 4/33 MP: 5/5
  2749 | D:2      | Reached XP level 6. HP: 5/38 MP: 6/6
  3454 | D:3      | Noticed Grinder
  3455 | D:3      | Noticed Pargi
  3463 | D:3      | Gained mutation: Your large and strong wings let you fly.
                  | [potion of mutation]
  3463 | D:3      | Gained mutation: You are dopey. (Int -2) [potion of
                  | mutation]
  3463 | D:3      | Gained mutation: Your spells are a little harder to cast,
                  | but a little more powerful. [potion of mutation]
  3465 | D:3      | Paralysed by Grinder for 2 turns
  3469 | D:3      | Paralysed by Grinder for 3 turns
  3473 | D:3      | Slain by Pargi

Illustrated notes

Levels and vault maps discovered:
D:1:      dpeg_arrival_boxorama, layout_basic, serial_shops, nicolae_square_shop
D:2:      layout_rooms, chequers_ecumenical_altar_island, hex_medium,
          uniq_robin, uniq_sigmund
D:3:      layout_loops_cross, uniq_grinder, uniq_pargi

Skill      XL: |  1  2  3  4  5  6 |
---------------+-------------------+-----
Axes           | 2 4 |  4.2
Armour         | 4 |  4.7
Fighting       | 4 |  4.3
Shields        | 4 |  4.0
Stealth        | |  0.3

Action                   |  1- 3 |  4- 6 || total
-------------------------+-------+-------++-------
Melee: War axe           |   121 |   107 ||   228
  Use: Scroll            |     2 |     2 ||     4
       Potion            |       |     3 ||     3
Armor: Scale mail        |   102 |    81 ||   183
Dodge: Dodged            |    81 |    63 ||   144
Block: Buckler           |    43 |    62 ||   105
       Reflection        |       |     1 ||     1

Table legend: (Time is in decaauts)
 A = Elapsed time spent in this place.
 B = Non-inter-level travel time spent in this place.
 C = Inter-level travel time spent in this place.
 D = Time resting spent in this place.
 E = Time spent auto-exploring this place.
 F = Levels seen in this place.
 G = Mean time per level.
                   A        B        C        D        E       F      G
               +--------+--------+--------+--------+--------+-----+--------+
         Total |   3567 |   3546 |     21 |   1815 |   1091 |   3 | 1189.0 |
       Dungeon |   3567 |   3546 |     21 |   1815 |   1091 |   3 | 1189.0 |
               +--------+--------+--------+--------+--------+-----+--------+

Top non-repeatable levels by time:
     D:1: 2382 daAuts
     D:2: 899 daAuts
     D:3: 284 daAuts
